 Dungeon Crawl Stone Soup version 0.30-a0-358-g0d69a1922f (webtiles) character file.

Game seed: 17801243316075805860

37 HoaS the Shooter (level 3, -3/21 HPs)
             Began as a Kobold Hunter on Nov 10, 2022.
             Slain by Terence
             ... wielding a +0 short sword
              (4 damage)
             ... on level 2 of the Dungeon.
             The game lasted 00:01:47 (1126 turns).

HoaS the Shooter (Kobold Hunter)                    Turns: 1126, Time: 00:01:47

Health: -3/21      AC:  4    Str:  8    XL:     3   Next: 62%
Magic:  3/3        EV: 14    Int: 10    God:
Gold:   109        SH:  0    Dex: 20    Spells: 2/2 levels left

rFire   . . .      SeeInvis .    a - +0 shortbow
rCold   . . .      Faith    .    (shield currently unavailable)
rNeg    . . .      Spirit   .    c - +1 leather armour
rPois   .          Reflect  .    (no helmet)
rElec   .          Harm     .    (no cloak)
rCorr   .          Rampage  .    (no gloves)
Will    .....                    (no boots)
Stlth   +++.......               (no amulet)
HPRegen 0.23/turn                (no ring)
MPRegen 0.08/turn                (no ring)

@: no status effects
A: small, no large weapons, nightstalker 3
a: no special abilities


You were on level 2 of the Dungeon.
You visited 1 branch of the dungeon, and saw 2 of its levels.

You collected 109 gold pieces.

Inventory:

Hand Weapons
 a - a +0 shortbow (weapon)
Armour
 c - a +1 leather armour (worn)
Scrolls
 b - a scroll of immolation
 d - a scroll of enchant weapon {unknown}
 f - a scroll of amnesia {unknown}
 g - a scroll of teleportation {unknown}
Potions
 e - a potion of invisibility {unknown}
 h - a potion of brilliance {unknown}
 i - a potion of cancellation
 j - a potion of curing {unknown}


   Skills:
 - Level 2.1 Fighting
 + Level 6.8 Ranged Weapons
 - Level 2.4 Dodging
 - Level 1.3 Stealth


You had 2 spell levels left.
You didn't know any spells.
Your spell library was empty.

Dungeon Overview and Level Annotations

Branches:
Dungeon (2/15)

Altars:

Annotations:
D:2 Sigmund, Terence


Innate Abilities, Weirdness & Mutations

You are small and have problems with some larger weapons.
You are completely attuned to the shadows.


Message History

The arrow hits the rat but does no damage.
You shoot an arrow. The arrow barely misses the rat.
The rat bites you but does no damage.
You shoot an arrow. The arrow hits the rat.
The rat is heavily wounded.
The rat closely misses you. Terence shouts, "Now you die!"
You shoot an arrow. The arrow barely misses the rat.
The arrow hits Terence!
Terence is moderately wounded.
The rat bites you but does no damage.
You shoot an arrow. The arrow hits the rat.
You kill the rat!
You shoot an arrow. The arrow barely misses Terence.
Terence misses you. x2
You shoot an arrow. The arrow hits Terence.
Terence is heavily wounded.
Terence hits you with a +0 short sword.
You shoot an arrow.
The arrow hits Terence but does no damage.
Terence is heavily wounded.
Terence hits you with a +0 short sword.
You shoot an arrow.
The arrow hits Terence but does no damage.
Terence is heavily wounded.
Terence barely misses you.
You shoot an arrow. The arrow barely misses Terence.
Terence hits you with a +0 short sword. Terence closely misses you.
You shoot an arrow. The arrow hits Terence.
Terence is severely wounded.
Terence hits you with a +0 short sword!
* * * LOW HITPOINT WARNING * * *
You shoot an arrow. The arrow hits Terence.
Terence is almost dead.
Terence closely misses you.
You shoot an arrow. The arrow hits Terence.
Terence is almost dead.
Terence hits you with a +0 short sword.
* * * LOW HITPOINT WARNING * * *
It was a potion of cancellation.
You feel magically purged. Terence hits you with a +0 short sword.
You die...

.... #.. #.[... ..
#+# #..... ..
#.##.########.....
..
#.#...............
..
##...(########.....
..
.......@@...........
..
##########.#####<.##
## .......#.....#
#####..#.#.....
#....#..####
##.#.#..#..#
#.#....#..# #
#.#.#.....# #
#.#.#.#..## #


You could see Terence.

Vanquished Creatures
  An adder (D:2)
  2 endoplasms (D:1)
  3 goblins
  A hobgoblin (D:2)
  5 jackals (D:1)
  2 kobolds
  2 ball pythons
  3 bats (D:1)
  10 frilled lizards
  A rat (D:2)
30 creatures vanquished.

Notes
Turn   | Place    | Note
-------+----------+-------------------------------------------
     0 | D:1      | HoaS the Kobold Hunter began the quest for the Orb.
     0 | D:1      | Reached XP level 1. HP: 12/12 MP: 1/1
   207 | D:1      | Reached XP level 2. HP: 17/17 MP: 2/2
   380 | D:1      | Reached skill level 6 in Ranged Weapons
   864 | D:2      | Reached XP level 3. HP: 17/21 MP: 3/3
  1033 | D:2      | Noticed Sigmund
  1108 | D:2      | Noticed Terence
  1125 | D:2      | HP: 1/21 [Terence/+0 short sword (3)]
  1126 | D:2      | Slain by Terence

Illustrated notes

Levels and vault maps discovered:
D:1:      sevenhm_arrival_forest_fort_small_4, layout_loops_ring
D:2:      layout_basic, minmay_lizard_pond, uniq_terence, uniq_sigmund

Skill      XL: |  1  2 |
---------------+-------+-----
Ranged Weapons | 6 |  6.8
Fighting       | |  2.1
Dodging        | |  2.4
Stealth        | |  1.3

Action                   || total
-------------------------++-------
 Fire: Shortbow          ||    73
  Use: Scroll            ||     3
       Potion            ||     1
Armor: Leather armour    ||     9
Dodge: Dodged            ||    38

Table legend: (Time is in decaauts)
 A = Elapsed time spent in this place.
 B = Non-inter-level travel time spent in this place.
 C = Inter-level travel time spent in this place.
 D = Time resting spent in this place.
 E = Time spent auto-exploring this place.
 F = Levels seen in this place.
 G = Mean time per level.
                   A        B        C        D        E       F      G
               +--------+--------+--------+--------+--------+-----+--------+
         Total |   1155 |   1130 |     25 |     48 |    933 |   2 |  577.5 |
       Dungeon |   1155 |   1130 |     25 |     48 |    933 |   2 |  577.5 |
               +--------+--------+--------+--------+--------+-----+--------+

Top non-repeatable levels by time:
     D:1: 843 daAuts
     D:2: 311 daAuts
